 Dungeon Crawl Stone Soup version 0.21-a0-278-ga722497 (webtiles) character file.

157 tidbits the Insei (level 4, 0/34 HPs)
             Began as a Demigod Transmuter on Sept 21, 2017.
             Succumbed to a kobold's poison
             ... on level 3 of the Dungeon.
             The game lasted 00:08:44 (1175 turns).

tidbits the Insei (Demigod Transmuter)              Turns: 1175, Time: 00:08:45

Health: 0/34       AC:  3    Str: 18    XL:     4   Next: 93%
Magic:  4/10       EV: 12    Int: 19    God:
Gold:   161        SH:  0    Dex: 16    Spells: 1/7 levels left

rFire    + . .     SeeInvis .   d - +0 dagger (drain)
rCold    + . .     Gourm    .   (no shield)
rNeg     . . .     Faith    .   B - +0 robe
rPois    +         Spirit   .   (no helmet)
rElec    +         Reflect  .   (no cloak)
rCorr    +         Harm     .   G - +0 pair of gloves
MR       .....                  (no boots)
Stlth    +.........             (no amulet)
HPRegen  0.11/turn              (no ring)
MPRegen  0.12/turn              (no ring)

@: mighty, lethally poisoned (0 -> -2), resistant, very slightly contaminated
A: high mp 1
a: no special abilities


You were on level 3 of the Dungeon.
You were hungry.

You visited 1 branch of the dungeon, and saw 3 of its levels.

You collected 161 gold pieces.

Inventory:

Hand Weapons
 d - a +0 dagger of draining (weapon)
   (You took it off a kobold on level 1 of the Dungeon)
 k - a +0 dagger of protection
   (You took it off a kobold on level 2 of the Dungeon)
Missiles
 e - 48 stones (quivered)
 f - 13 poisoned needles
 g - 53 arrows
 m - 20 sling bullets
Armour
 B - a +0 robe (worn)
 G - a +0 pair of gloves (worn)
Scrolls
 h - a scroll of magic mapping
 i - 2 scrolls of fog {unknown}
 j - 2 scrolls of immolation {unknown}
 n - a scroll of remove curse {unknown}
 s - a scroll of identify {unknown}
Potions
 b - a potion of resistance
Books
 c - a book of Changes

   Spells                             Type                      Level
   a - Beastly Appendage              Transmutation                1
   b - Sticks to Snakes               Transmutation                2
   c - Spider Form                    Transmutation/Poison         3
   d - Ice Form                       Ice/Transmutation            4
   e - Blade Hands                    Transmutation                5
 o - a book of Enchantments
   (You found it on level 2 of the Dungeon)

   Spells                             Type                      Level
   a - Cause Fear                     Hexes                        4
   b - Yara's Violent Unravelling     Hexes/Transmutation          5
   c - Silence                        Hexes/Air                    5
   d - Deflect Missiles               Charms/Air                   6
   e - Discord                        Hexes                        8
Comestibles
 a - 3 bread rations
 l - a meat ration
 q - a royal jelly
 r - 2 chunks of flesh


   Skills:
 - Level 0.8 Fighting
 - Level 1.7 Dodging
 + Level 4.0 Unarmed Combat
 - Level 2.2 Spellcasting
 - Level 3.5 Transmutations


You had one spell level left.
You knew the following spells:

 Your Spells              Type           Power        Failure   Level  Hunger
e - Beastly Appendage     Tmut           ###...       3%          1    #......
k - Sticks to Snakes      Tmut           ###.....     6%          2    ##.....
p - Spider Form           Tmut/Pois      #.........   24%         3    ###....


Dungeon Overview and Level Annotations

Branches:
Dungeon (3/15)


Innate Abilities, Weirdness & Mutations

You have an increased reservoir of magic. (+10% MP)


Message History

You kill the giant cockroach!
The kobold wields a blowgun.
The kobold shoots a poisoned needle.
The poisoned needle misses you.
You swap places.
The kobold shoots a poisoned needle.
The poisoned needle hits you!
You are poisoned.
Things that are here:
a poisoned needle; a kobold corpse You feel sick.
The kobold unwields an uncursed blowgun.
The kobold misses you.
You completely miss the kobold.
Your transformation has ended.
Your +0 dagger of draining unmelds from your body.
Your +0 pair of gloves unmelds from your body.
Your +0 robe unmelds from your body.
You sense an unholy aura.
You feel sick. The kobold barely misses you.
You hit the kobold but do no damage.
You feel sick. The kobold barely misses you.
Casting: Sticks to Snakes
Confirm with . or Enter, or press ? or * to list all spells.
You miscast Spider Form.
Wisps of poison gas drift from your hands.
You feel sick. The kobold hits you but does no damage.
You completely miss the kobold.
You feel sick. The kobold hits you.
You hit the kobold.
The kobold is moderately wounded.
You feel sick. The kobold hits you but does no damage.
You closely miss the kobold.
The kobold is moderately wounded.
You feel sick. The kobold hits you but does no damage.
You hit the kobold. You drain the kobold!
You kill the kobold!
You feel sick.
You swap places.
You feel sick.
Your ball python bites the giant cockroach but does no damage.
Your ball python closely misses the giant cockroach.
The giant cockroach bites your ball python.
Your ball python bites the giant cockroach.
Your ball python grabs the giant cockroach.
Your ball python constricts the giant cockroach.
Things that are here:
a poisoned needle; a kobold corpse You feel sick.
The giant cockroach barely misses your ball python.
Your ball python bites the giant cockroach.
Your ball python constricts the giant cockroach.
The giant cockroach closely misses your ball python.
You see here a poisoned needle.
f - 12 poisoned needles (gained 1)
You feel sick.
Your ball python bites the giant cockroach.
Your ball python constricts the giant cockroach.
The giant cockroach dies!
You feel sick.
Your ball python bites the kobold but does no damage.
Your ball python barely misses the kobold.
Things that are here:
a poisoned needle; a kobold corpse
f - 13 poisoned needles (gained 1)
You feel sick.
The kobold hits your ball python with a club.
Your ball python dies!
You feel sick.
You hit the kobold but do no damage. The kobold hits you with a club.
* * * LOW HITPOINT WARNING * * *
You barely miss the kobold.
You feel sick. The kobold hits you with a club.
* * * LOW HITPOINT WARNING * * *
You hit the kobold. You drain the kobold!
You kill the kobold!
* * * LOW HITPOINT WARNING * * *
You feel sick.
Things that are here:
a club; a kobold corpse It was a potion of resistance.
You feel protected.
It was a potion of might.
You feel very mighty all of a sudden.
* * * LOW HITPOINT WARNING * * *
You feel sick.
Okay, then.
As you read the scroll labeled APOCOI EMONG, it crumbles to dust.
You feel aware of your surroundings.
It was a scroll of magic mapping.
* * * LOW HITPOINT WARNING * * *
You feel sick.
Things that are here:
an uncursed blowgun; 15 poisoned needles; a kobold corpse
Found a bread ration.
* * * LOW HITPOINT WARNING * * *
You feel sick.
You see here a bread ration.
* * * LOW HITPOINT WARNING * * *
You feel sick.
Found an escape hatch in the ceiling.
* * * LOW HITPOINT WARNING * * *
You feel sick.
There is an escape hatch in the ceiling here.
A hobgoblin comes into view.
The hobgoblin shouts!
You die...

,,,******* *,**,* #..........#
,,,*,,,,,* #.*#.# #..........#
,,,*,,,,,* ##.##.#*#...######.#
,,,,,,,,,* ##..,......##* #.#
,,,*,,,,,**##...,..####* #.#
,,,*,,,,,,,,....,#.# #.#
,,,,,,*******#.>,#.# #.# ,,,****
*#.##.####### ##.# ,,,*
***#.@...<....## #..# ,,,*
**#....##.#####..## #†##
,,,******#.....#*#.# ##..# #)#
,,**,<,,,..##g#* #.# ###%###)##
,,**,****#*#..* #.# #.........
,,,,<,** #.** #.# #.........
*,***,,****#,* #.# #.........
*,*,,,,,,,,,,****#.#***#.........
*,*,*******,,,,,,,,,,,,#.?.......


You could see a hobgoblin.

Vanquished Creatures
  A vampire bat (D:2)
  A hound (D:2)
  3 adders
  An ooze (D:1)
  2 worms (D:3)
  A dart slug (D:2)
  2 ball pythons (D:1)
  6 bats
  2 bat skeletons (D:2)
  2 bat zombies (D:2)
  5 giant cockroaches
  5 goblins
  7 hobgoblins
  4 frilled lizards
  14 kobolds
  A rat (D:1)
57 creatures vanquished.

Vanquished Creatures (collateral kills)
  A giant cockroach (D:3)
1 creature vanquished.

Grand Total: 58 creatures vanquished

Notes
Turn   | Place    | Note
-------+----------+-------------------------------------------
     0 | D:1      | tidbits the Demigod Transmuter began the quest for the Orb.
     0 | D:1      | Reached XP level 1. HP: 15/15 MP: 5/5
    78 | D:1      | Reached skill level 2 in Spellcasting
    96 | D:1      | HP: 1/15 [rat (3)]
   356 | D:1      | Reached skill level 2 in Transmutations
   356 | D:1      | Reached XP level 2. HP: 22/22 MP: 5/7
   360 | D:1      | Learned a level 2 spell: Sticks to Snakes
   586 | D:2      | Reached XP level 3. HP: 15/27 MP: 6/8
   667 | D:2      | Reached skill level 3 in Transmutations
   698 | D:2      | Learned a level 3 spell: Spider Form
   718 | D:2      | Found a sacrificial altar of Ru.
   888 | D:2      | Found a burning altar of Makhleb.
   889 | D:2      | Found a stormy altar of Qazlal.
   927 | D:2      | Reached skill level 3 in Unarmed Combat
   950 | D:2      | Reached XP level 4. HP: 19/34 MP: 6/10
   951 | D:2      | Found an ancient bone altar of Kikubaaqudgha.
  1132 | D:3      | Reached skill level 4 in Unarmed Combat
  1159 | D:3      | HP: 3/34 [poisoned by a kobold]
  1167 | D:3      | HP: 1/34 [poisoned by a kobold]
  1175 | D:3      | Succumbed to a kobold's poison

Vault maps used:
D:1:      evilmike_arrival_rings
D:2:      kennysheep_vampire_church, lemuel_blue_sif_altar,
          amethyst_overflow_temple_binary, first_bread, nicolae_ru_awakened_eye
D:3:      st_stairs_3, uniq_robin

Skill      XL: |  1  2  3  4 |
---------------+-------------+-----
Spellcasting   | 2 |  2.2
Transmutations | 2 3 |  3.5
Unarmed Combat | 3 4 |  4.0
Fighting       | |  0.8
Dodging        | |  1.7

Action                   |  1- 3 |  4- 6 || total
-------------------------+-------+-------++-------
Melee: Unarmed           |    25 |    24 ||    49
       Dagger            |    77 |    20 ||    97
       Kick              |     8 |       ||     8
       Headbutt          |     5 |     1 ||     6
       Punch             |     2 |       ||     2
Throw: Stone             |     2 |       ||     2
 Cast: Beastly Appendage |    21 |     3 ||    24
       Sticks to Snakes  |     3 |     6 ||     9
       Spider Form       |     2 |     3 ||     5
  Use: Potion            |       |     2 ||     2
       Scroll            |       |     1 ||     1
 Stab: Sleeping          |     1 |     1 ||     2
       Distracted        |     1 |       ||     1
  Eat: Chunk             |       |     2 ||     2
Armor: Robe              |    13 |     5 ||    18
       Skin              |    10 |     3 ||    13
Dodge: Dodged            |    88 |    27 ||   115

Table legend:
 A = Spawn XP
 B = Non-spawn XP
 C = Spawn XP percentage of total XP
 D = Spawn monster count
 E = Non-spawn monster count
 F = Spawn count percentage of total count
 G = Total turns spent on level
                    A         B        C        D         E        F      G
               +---------+---------+-------+---------+---------+-------+---------
         Total |       0 |     225 |   0.0 |       0 |      58 |   0.0 |  1175
               +---------+---------+-------+---------+---------+-------+---------
           D:1 |       0 |      33 |   0.0 |       0 |      16 |   0.0 |   511
           D:2 |       0 |     138 |   0.0 |       0 |      24 |   0.0 |   479
           D:3 |       0 |      54 |   0.0 |       0 |      18 |   0.0 |   185
               +---------+---------+-------+---------+---------+-------+---------

Table legend:
 A = Turns spent in this place as a percentage of turns spent in the entire game.
 B = Non-inter-level travel turns spent in this place as a percentage of non-inter-level travel turns spent in the entire game.
 C = Inter-level travel turns spent in this place as a percentage of turns spent in this place.
 D = Turns resting spent in this place as a percentage of non-inter-level travel turns spent in this place.
 E = Turns spent auto-exploring this place as a percentage of non-inter-level travel turns spent in this place.
 F = Non-inter-level travel turns spent in this place divided by the number of levels of this place that you've seen.
                   A       B       C       D       E      F
               +-------+-------+-------+-------+-------+----------------------
         Total | 100.0 | 100.0 |   3.2 |   0.0 |   0.0 | 379.0
       Dungeon | 100.0 | 100.0 |   3.2 |   0.0 |   0.0 | 379.0
               +-------+-------+-------+-------+-------+----------------------

Table legend:
 A = Kills in this place as a percentage of kills in entire the game.
 B = Kills by you in this place as a percentage of kills by you in the entire game.
 C = Kills by friends in this place as a percentage of kills by friends in the entire game.
 D = Other kills in this place as a percentage of other kills in the entire game.
 E = Experience gained in this place as a percentage of experience gained in the entire game.
 F = Experience gained in this place divided by the number of levels of this place that you have seen.
                   A       B       C       D       E      F
               +-------+-------+-------+-------+-------+----------------------
         Total | 100.0 | 100.0 | 100.0 |   N/A | 100.0 |  75.0
       Dungeon | 100.0 | 100.0 | 100.0 |   N/A | 100.0 |  75.0
               +-------+-------+-------+-------+-------+----------------------

Vault maps used:
D:1:      evilmike_arrival_rings
D:2:      kennysheep_vampire_church, lemuel_blue_sif_altar,
          amethyst_overflow_temple_binary, first_bread, nicolae_ru_awakened_eye
D:3:      st_stairs_3, uniq_robin
